 Dungeon Crawl Stone Soup version 0.29.0-4-gdea44cf6ec (webtiles) character file.

Game seed: 1452457924790304843

40 Armakuni the Cudgeller (level 3, 0/19 (29) HPs)
             Began as a Human Monk on Aug 27, 2022.
             Succumbed to an adder's poison
             ... on level 1 of the Dungeon.
             The game lasted 00:01:54 (1454 turns).

Armakuni the Cudgeller (Human Monk)                 Turns: 1454, Time: 00:01:54

HP:   0/19 (29)     AC:  5    Str: 13    XL:     3   Next: 72%
MP:   3/3           EV: 11    Int: 10    God:
Gold: 14            SH:  0    Dex: 15    Spells: 2/2 levels left

rFire   . . .      SeeInvis .   a - +0 mace
rCold   . . .      Faith    .   (no shield)
rNeg    . . .      Spirit   .   j - +0 ring mail
rPois   .          Reflect  .   (no helmet)
rElec   .          Harm     .   (no cloak)
rCorr   .          Rampage  .   (no gloves)
Will    .....                   (no boots)
Stlth   +.........              (no amulet)
HPRegen 0.06/turn               (no ring)
MPRegen 0.08/turn               (no ring)

@: lethally poisoned (0 -> -7), very heavily drained
A: no striking features
a: no special abilities


You were on level 1 of the Dungeon.
You visited 1 branch of the dungeon, and saw 2 of its levels.

You collected 47 gold pieces.
You spent 33 gold pieces at shops.

Inventory:

Hand Weapons
 a - a +0 mace (weapon)
Armour
 e - the +7 chain mail "Xeelurph" {SInv}
   (You found it on level 2 of the Dungeon)

   SInv:      It lets you see invisible.
 j - a +0 ring mail (worn)
Potions
 b - 2 potions of flight {unknown}
 c - 2 potions of ambrosia
 d - 2 potions of curing
 f - a potion of lignification {unknown}
 h - 2 potions of mutation {unknown}
 i - a potion of heal wounds {unknown}


   Skills:
 - Level 3.0 Fighting
 + Level 4.4 Maces & Flails
 - Level 3.0 Dodging
 - Level 2.0 Stealth


You had 2 spell levels left.
You didn't know any spells.
Your spell library was empty.

Dungeon Overview and Level Annotations

Branches:
Dungeon (2/15)

Altars:

Shops:
D:1 !


Message History

An adder comes into view.
The bat barely misses you.
You see here a sedimented white potion.
f - a sedimented white potion The adder hisses angrily.
The bat closely misses you. The bat hits you.
The bat hits you but does no damage. The bat hits you but does no damage. x2
The bat barely misses you.
You closely miss the bat. The bat hits you but does no damage.
The bat closely misses you. The adder attacks as you move away!
The adder barely misses you. The bat barely misses you.
The adder attacks as you move away! The adder bites you.
* * * LOW HITPOINT WARNING * * *
The bat hits you but does no damage. The bat closely misses you.
The bat hits you but does no damage. The adder barely misses you.
The adder attacks as you move away! The adder barely misses you.
Found a sedimented white potion.
There is a stone staircase leading up here.
The adder closely misses you. The bat closely misses you.
You climb upwards.
There is a stone staircase leading down here.
You closely miss the adder. The adder barely misses you.
The adder bites you but does no damage.
You miss the adder. The adder bites you but does no damage.
The adder closely misses you.
You closely miss the adder. The adder closely misses you.
You barely miss the adder. The adder barely misses you.
The adder closely misses you.
You closely miss the adder. The adder closely misses you.
You closely miss the adder.
The adder bites you but does no damage. x2
You closely miss the adder. The adder bites you.
* * * LOW HITPOINT WARNING * * *
You are lethally poisoned!
The adder poisons you!
You sock the adder!
The adder is almost dead.
You die...

###...<...####.......##.##.# #..#
##.....## ###.........#.###..#
##.....## ###...##..........
###'#####'##########.##..#.###..#
....## ##............###.#.# #..#
.....# #.............# #.#.# #..#
.....###.............# #.#.# #..#
......#..........>######.#.###.##
......#........S@.#..............
....................####..####.##
....#####..........## #..# #.#
....†..............# #.†# #.#
############.(.....# #..# ###
##.....## #..# #.......# #..#
#.......# #### #.......#


You could see an adder.

Vanquished Creatures
  A worm (D:2)
  A dart slug (D:1)
  5 ball pythons (D:1)
  2 endoplasms
  4 giant cockroaches (D:1)
  2 goblins
  5 hobgoblins
  A quokka (D:2)
  5 frilled lizards
  4 kobolds (D:1)
  2 rats (D:1)
32 creatures vanquished.

Notes
Turn   | Place    | Note
-------+----------+-------------------------------------------
     0 | D:1      | Armakuni the Human Monk began the quest for the Orb.
     0 | D:1      | Reached XP level 1. HP: 18/18 MP: 1/1
   337 | D:1      | Reached XP level 2. HP: 24/24 MP: 2/2
   480 | D:1      | Found a faded altar of an unknown god.
   491 | D:1      | Reached skill level 4 in Maces & Flails
   491 | D:1      | Reached XP level 3. HP: 23/29 MP: 3/3
   697 | D:1      | Found Fetaurhuh's Distillery.
   706 | D:1      | Bought a potion of curing for 33 gold pieces
  1424 | D:2      | Identified the +7 chain mail "Xeelurph" {SInv}
  1454 | D:1      | Succumbed to an adder's poison

Illustrated notes

Levels and vault maps discovered:
D:1:      onia_arrival_pentagram, layout_rooms, basic_ecumenical_altar,
          serial_shops, nicolae_diamond_shop
D:2:      layout_basic, serial_shops, nicolae_diamond_shop, uniq_terence

Skill      XL: |  1  2 |
---------------+-------+-----
Maces & Flails | 4 |  4.4
Fighting       | |  3.0
Dodging        | |  3.0
Stealth        | |  2.0

Action                   || total
-------------------------++-------
Melee: Mace              ||   112
  Use: Scroll            ||     4
 Stab: Sleeping          ||     2
Armor: Robe              ||     5
       Ring mail         ||    38
Dodge: Dodged            ||    73
